AoeStats
← Reimke

Arena

508780239Analyzed
2v2 RM · 8d ago on Sep 24, 2026· 56m 19s· 4 players
Game mode
Random Map
Map size
Medium (4 player)
Population
200
Speed
Normal
Resources
Standard
Victory
Conquest
Starting age
Dark Age
Ending age
Imperial Age
RankedLock teamsTeams togetherTeam positionsShared explorationLock speedFull tech treeHidden civsTurbo modeCheats
Victory
Defeat
🇵🇪 Teutons · Peru
1129
+15
🇹🇷 Danes · Türkiye
1108
+16
🇺🇸 Saxons · United States
1110
-16
🇺🇸 Varangians · United States
1103
-15
30FLY | Andrew_Heals
9:01 Loom
10:54 Feudal Age
16:37 Castle Age
14:48 Fletching
21:00 Horse Collar
22:38 Double-Bit Axe
23:15 Town Watch
24:42 Heavy Plow
26:52 Wheelbarrow
26:24 Gold Mining
26:26 Stone Mining
28:06 Bodkin Arrow
31:53 Scale Barding Armor
32:13 Husbandry
33:07 Bloodlines
36:01 Murder Holes
46:22 Imperial Age
44:11 Hand Cart
44:26 Forging
44:47 Gold Mining
47:36 Conscription
46:59 Cavalier
47:21 Light Cavalry
49:32 Vendel Legacy
50:49 Masonry
50:45 Siege Engineers
51:52 Hussar
53:33 Chain Barding Armor
53:49 Iron Casting
56:20 Squires
Reimke
6:56 Loom
12:32 Feudal Age
16:50 Castle Age
14:36 Horse Collar
15:01 Double-Bit Axe
18:14 Bow Saw
18:06 Heavy Plow
24:39 Wheelbarrow
24:58 Fletching
25:55 Gold Mining
25:57 Stone Mining
26:48 Scale Mail Armor
27:07 Hand Cart
26:38 Town Watch
28:39 Chain Mail Armor
28:29 Squires
29:35 Fortified Wall
28:54 Pikeman
29:25 Treadmill Crane
30:06 Ballistics
29:58 Bodkin Arrow
31:30 Man-at-Arms
32:28 Forging
36:23 Imperial Age
35:14 Iron Casting
36:35 Masonry
37:27 Conscription
37:52 Guilds
38:20 Architecture
38:26 Plate Mail Armor
39:13 Hoardings
39:32 Siege Engineers
39:27 Elite Varangian Guard
39:52 Arson
40:15 Shield Wall
41:03 Halberdier
41:31 Gambesons
41:30 Sappers
42:07 Bracer
44:17 Gold Shaft Mining
43:39 Long Swordsman
46:25 Chemistry
44:57 Two-Handed Swordsman
45:47 Murder Holes
45:33 Champion
46:31 Town Patrol
48:29 Thumb Ring
47:44 Crossbowman
Caner
3:41 Loom
13:13 Feudal Age
14:22 Double-Bit Axe
19:15 Castle Age
18:31 Horse Collar
20:14 Scale Mail Armor
20:02 Arson
23:08 Squires
24:48 Gold Mining
26:43 Bow Saw
27:09 Chain Mail Armor
28:29 Wheelbarrow
33:08 Imperial Age
31:30 Hand Cart
31:18 Heavy Plow
31:10 Stone Mining
33:17 Forging
35:07 Plate Mail Armor
35:54 Gold Shaft Mining
35:33 Fletching
35:13 Elite Varangian Guard
36:30 Iron Casting
36:28 Conscription
37:54 Bodkin Arrow
38:45 Murder Holes
40:17 Blast Furnace
39:31 Masonry
41:53 Stone Shaft Mining
41:59 Town Watch
43:06 Bracer
43:28 Ballistics
43:15 Siege Engineers
43:17 Scale Barding Armor
42:58 Hamask
46:07 Chain Barding Armor
47:33 Hoardings
51:48 Chemistry
54:20 Plate Barding Armor
Bandido
9:45 Feudal Age
9:17 Loom
10:54 Double-Bit Axe
10:52 Horse Collar
11:05 Stone Mining
12:38 Wheelbarrow
14:07 Fletching
14:17 Padded Archer Armor
18:04 Gold Mining
22:47 Castle Age
21:32 Scale Barding Armor
23:34 Forging
23:29 Bodkin Arrow
23:50 Leather Archer Armor
24:39 Town Watch
26:01 Bloodlines
28:36 Chain Barding Armor
28:52 Iron Casting
35:23 Scale Mail Armor
36:51 Man-at-Arms
39:12 Long Swordsman
39:38 Gambesons
43:15 Imperial Age
40:39 Pikeman
42:18 Hand Cart
42:08 Town Patrol
43:20 Squires
43:21 Cavalier
43:24 Halberdier
43:25 Two-Handed Swordsman
44:22 Chain Mail Armor
44:38 Ring Archer Armor
45:10 Blast Furnace
44:45 Plate Barding Armor
45:38 Plate Mail Armor
45:44 Plate Mail Armor
45:05 Champion
46:21 Sappers
47:11 Ironclad
47:12 Conscription
49:18 Plate Barding Armor
49:14 Ring Archer Armor
49:44 Blast Furnace
49:44 Onager
49:45 Capped Ram
51:17 Conscription
51:17 Ironclad
56:13 Elite Teutonic Knight
57:29 Hoardings
Connection lost

Rejoining the realm…

Still unreachable

The connection could not be restored.

Session expired

The server has moved on; the page needs a fresh start.